 Dungeon Crawl Stone Soup version 0.29-a0-284-gf9362112df (webtiles) character file.

Game seed: 2565934653011983287

1 spiderkeys the Skirmisher (level 1, -3/19 HPs)
             Began as a Ghoul Abyssal Knight on Mar 28, 2022.
             Was a Believer of Lugonu.
             Slain by a gnoll
             ... wielding a +0 spear
              (9 damage)
             ... on level 1 of the Dungeon.
             The game lasted 00:00:41 (237 turns).

spiderkeys the Skirmisher (Ghoul Abyssal Knight)     Turns: 237, Time: 00:00:41

Health: -3/19      AC:  3    Str: 16    XL:     1   Next: 20%
Magic:  1/1        EV: 11    Int:  5    God:    Lugonu [**....]
Gold:   18         SH:  0    Dex:  9    Spells: 0/0 levels left

rFire   . . .      SeeInvis .     - Unarmed
rCold   + . .      Faith    .   (no shield)
rNeg    + + +      Spirit   .   a - +0 leather armour
rPois   ∞          Reflect  .   (no helmet)
rElec   .          Harm     .   (no cloak)
rCorr   .          Rampage  .   (no gloves)
Will    .....                   (no boots)
Stlth   +.........              (no amulet)
HPRegen 0.00/turn               (no ring)
MPRegen 0.07/turn               (no ring)

@: inhibited regen
A: claws 1, cold resistance 1, negative energy resistance 3, inhibited
regeneration, torment resistance 2
a: Renounce Religion, Depart the Abyss, Bend Space


You were on level 1 of the Dungeon.
You worshipped Lugonu.
Lugonu was pleased with you.
You visited 1 branch of the dungeon, and saw 1 of its levels.
You visited the Abyss 1 time.

You collected 18 gold pieces.


Innate Abilities, Weirdness & Mutations

You thrive by killing the living.
You are immune to poison.
You have sharp fingernails.
Your flesh is cold resistant. (rC+)
You are immune to negative energy. (rN+++)
You do not regenerate when monsters are visible.
You are immune to unholy pain and torment.


   Skills:
 + Level 3.3 Fighting
 - Level 1.7 Armour
 + Level 0.9 Dodging
 + Level 2.2 Unarmed Combat
 + Level 2.0 Invocations


You couldn't memorise any spells.
You didn't know any spells.
Your spell library was empty.

Inventory:

Armour
 a - a +0 leather armour (worn)
Potions
 b - a potion of heal wounds {unknown}

Dungeon Overview and Level Annotations

Branches:
Dungeon (1/15)

Altars:

#........##.#....
#...###.###.#....
#.......# #.#....
##......# #.#....
#......# #.#.... .
######......# #.#....
...........###.# #.##.##
.....#####.###.###.##.##
......g@................
.#.#.#####..##.###..#.##
##.##.# #..#.## ....#
#..#.## .#### #..#.## ..
...#.## ?. ......#.
###.###♣ ♣


You could see a gnoll.


Message History

🤖 Initializing magus.rc ...
Options error: Bad monster_list_colour key: strict_neutral (~/.crawlrc:5438) ✅ Successfully initialized magus.rc [v1.11.3] Welcome, spiderkeys the Ghoul Abyssal Knight.
They say the Orb of Zot lies within this dungeon, but they say a lot of things.
Lugonu says: Depart the Abyss and spread corruption, my servant! (use the ability menu to exit the Abyss) Press ? for a list of commands and other information.
Found a corrupted altar of Lugonu.
Found a gateway leading deeper into the Abyss.
Unknown command.
Found a gateway leading out of the Abyss.
There is a gateway leading out of the Abyss here.
You pass through the gate.
There is a staircase leading out of the dungeon here.
You now have 18 gold pieces.
b - a ruby potion A frilled lizard comes into view.
The frilled lizard hisses angrily.
The frilled lizard bites you. 😕 HP[-2]
You take 2 damage, and now have 17/19 hp.
You completely miss the frilled lizard.
The frilled lizard bites you but does no damage.
You scratch the frilled lizard. You claw the frilled lizard!
You kill the frilled lizard!
Lugonu accepts your kill.
No target in view!
Okay, then.
Key pressed, stopping explore.
Key pressed, stopping explore.
Found a stone staircase leading down. 😎 HP[+2]
Your hp is fully restored (19).
A ball python comes into view.
The ball python hisses angrily.
A ball python is nearby!
A ball python is nearby!
You scratch the ball python.
You kill the ball python!
Lugonu accepts your kill.
No target in view!
No target in view!
No target in view!
No target in view!
There is a stone staircase leading down here.
You see here a ball python corpse.
Key pressed, stopping explore.
Key pressed, stopping explore.
A gnoll comes into view. It is wielding a +0 spear.
The gnoll shouts!
The gnoll hits you from afar with a +0 spear. 😮 HP[-6]
You take 6 damage, and now have 13/19 hp.
MASSIVE DAMAGE!! (PAUSE)
The gnoll hits you with a +0 spear.
* * * LOW HITPOINT WARNING * * *
😨 HP[-6]
You take 6 damage, and now have 7/19 hp.
MASSIVE DAMAGE!! (PAUSE)
You barely miss the gnoll. The gnoll hits you with a +0 spear.
* * * LOW HITPOINT WARNING * * *
😨 HP[-1]
You take 1 damage, and now have 6/19 hp.
You closely miss the gnoll. The gnoll barely misses you.
You scratch the gnoll. The gnoll hits you with a +0 spear!
You die...

Action                   || total
-------------------------++-------
Melee: Unarmed           ||     7
Armor: Leather armour    ||     1
Dodge: Dodged            ||     1

Levels and vault maps discovered:
D:1:      eino_arrival_tree_alley, layout_basic

Notes
Turn   | Place    | Note
-------+----------+-------------------------------------------
     0 | Abyss:1  | spiderkeys the Ghoul Abyssal Knight began the quest for the
                  | Orb.
     0 | Abyss:1  | Reached XP level 1. HP: 19/19 MP: 1/1
     0 | Abyss:1  | magus.rc [v1.11.3]
    16 | D:1      | You pass through the gate.
    16 | D:1      | Escaped the Abyss
   237 | D:1      | Slain by a gnoll

Vanquished Creatures
  A ball python (D:1)
  A frilled lizard (D:1)
2 creatures vanquished.

Table legend:
 A = Non-vault XP
 B = Vault XP
 C = Vault XP percentage of total XP
 D = Non-vault monster count
 E = Vault monster count
 F = Vault count percentage of total count
                 A         B        C        D         E       F
            +---------+---------+-------+---------+---------+-------
      Total |       2 |       0 |   0.0 |       2 |       0 |   0.0
            +---------+---------+-------+---------+---------+-------
        D:1 |       2 |       0 |   0.0 |       2 |       0 |   0.0
            +---------+---------+-------+---------+---------+-------

Illustrated notes

Table legend:
 A = Kills in this place as a percentage of kills in entire the game.
 B = Kills by you in this place as a percentage of kills by you in the entire game.
 C = Kills by friends in this place as a percentage of kills by friends in the entire game.
 D = Other kills in this place as a percentage of other kills in the entire game.
 E = Experience gained in this place as a percentage of experience gained in the entire game.
 F = Experience gained in this place divided by the number of levels of this place that you have seen.
                   A       B       C       D       E      F
               +-------+-------+-------+-------+-------+----------------------
         Total | 100.0 | 100.0 |   N/A |   N/A | 100.0 |   1.0
       Dungeon | 100.0 | 100.0 |   N/A |   N/A | 100.0 |   2.0
               +-------+-------+-------+-------+-------+----------------------

Table legend: (Time is in decaauts)
 A = Elapsed time spent in this place.
 B = Non-inter-level travel time spent in this place.
 C = Inter-level travel time spent in this place.
 D = Time resting spent in this place.
 E = Time spent auto-exploring this place.
 F = Levels seen in this place.
 G = Mean time per level.
                   A        B        C        D        E       F      G
               +--------+--------+--------+--------+--------+-----+--------+
         Total |    236 |    236 |      0 |      0 |    209 |   2 |  118.0 |
       Dungeon |    220 |    220 |      0 |      0 |    203 |   1 |  220.0 |
         Abyss |     16 |     16 |      0 |      0 |      6 |   1 |   16.0 |
               +--------+--------+--------+--------+--------+-----+--------+

Top non-repeatable levels by time:
     D:1: 220 daAuts
 Abyss:1: 16 daAuts
